 Dungeon Crawl Stone Soup version 0.21-a0-426-g98080a9 (webtiles) character file.

759 namelastname112 the Gusty (level 7, -2/36 HPs)
             Began as a Tengu Air Elementalist on Nov 6, 2017.
             Was an Initiate of Dithmenos.
             Shot with an arrow by a centaur (4 damage)
             ... on level 6 of the Dungeon.
             The game lasted 00:07:48 (5248 turns).

namelastname112 the Gusty (Tengu Air Elementalist)  Turns: 5248, Time: 00:07:49

Health: -2/36      AC:  3    Str: 17    XL:     7   Next: 80%
Magic:  11/15      EV: 12    Int: 17    God:    Dithmenos [......]
Gold:   280        SH:  0    Dex: 14    Spells: 2/15 levels left

rFire    . . .     SeeInvis .   i - +1 dagger (drain)
rCold    . . .     Gourm    +   (no shield)
rNeg     . . .     Faith    .   a - +1 robe
rPois    .         Spirit   .   (helmet restricted)
rElec    .         Reflect  .   (no cloak)
rCorr    +         Harm     .   (no gloves)
MR       .....                  (boots unavailable)
Stlth    ++........             h - amulet of the gourmand
HPRegen  0.12/turn              l - ring of resist corrosion
MPRegen  0.14/turn              o - +3 ring of strength

@: mighty
A: beak, talons 3, able to fly 1
a: Fly, Renounce Religion


You were on level 6 of the Dungeon.
You worshipped Dithmenos.
Dithmenos was noncommittal.
You were very full.

You visited 2 branches of the dungeon, and saw 7 of its levels.

You collected 280 gold pieces.

Inventory:

Hand Weapons
 i - a +1 dagger of draining (weapon)
 k - a +1 spear of venom
Armour
 a - a +1 robe (worn)
 p - a +0 pair of gloves
 q - a +0 buckler
Jewellery
 h - an amulet of the gourmand (around neck)
 l - a ring of resist corrosion (left hand)
 o - a +3 ring of strength (right hand)
Wands
 s - a wand of iceblast (13/15)
 x - a wand of paralysis (11/24)
Scrolls
 e - 5 scrolls of teleportation
 g - a scroll of magic mapping
 j - 2 scrolls of remove curse
 r - a scroll of identify
Potions
 f - a potion of heal wounds {unknown}
 m - a potion of might
 u - 2 potions of haste {unknown}
 v - a potion of flight {unknown}
 w - a potion of curing {unknown}
 z - a potion of cancellation
 A - a potion of magic
Books
 b - a book of Air

   Spells                             Type                      Level
   a - Shock                          Conjuration/Air              1
   b - Swiftness                      Charms/Air                   2
   c - Static Discharge               Conjuration/Air              3
   d - Airstrike                      Air                          4
   e - Lightning Bolt                 Conjuration/Air              5
 n - a book of Cantrips

   Spells                             Type                      Level
   a - Confusing Touch                Hexes                        1
   b - Animate Skeleton               Necromancy                   1
   c - Summon Small Mammal            Summoning                    1
   d - Apportation                    Translocation                1
Comestibles
 c - 8 bread rations
 d - 9 fruits
 t - a meat ration


   Skills:
 - Level 2.1 Dodging
 - Level 2.0 Stealth
 + Level 4.7 Spellcasting
 + Level 6.4 Conjurations
 + Level 7.4 Air Magic


You had 2 spell levels left.
You knew the following spells:

 Your Spells              Type           Power        Failure   Level  Hunger
b - Lightning Bolt        Conj/Air       ####......   22%         5    ######.
c - Airstrike             Air            ####......   7%          4    ####...
x - Static Discharge      Conj/Air       ####....     2%          3    ###....
z - Shock                 Conj/Air       ####         1%          1    None


Dungeon Overview and Level Annotations

Branches:
Dungeon (6/15)             Temple (1/1) D:5

Altars:
Dithmenos
Fedhas
Gozag
Makhleb
Nemelex Xobeh
Sif Muna
Vehumet
Xom
Yredelemnul

Shops:
D:6 **


Innate Abilities, Weirdness & Mutations

You have a beak for a mouth.
You have claws for feet.
You can fly.


Message History

Press: ? - help, Dir - move target cursor, f - centaur
Aim: a centaur, wielding a shortbow of flaming The air twists around and strikes the centaur!
The centaur is moderately wounded.
The centaur shoots an arrow.
The arrow hits you! The arrow burns you.
The centaur shoots an arrow.
The arrow hits you!
* * * LOW HITPOINT WARNING * * *
The arrow burns you.
* * * LOW HITPOINT WARNING * * *
You take 26 damage, and have 2/36 hp.
MASSIVE DAMAGE!!
You now have 11/15 mp.
Casting: Airstrike
Confirm with . or Enter, or press ? or * to list all spells.
Aiming: Airstrike
Press: ? - help, Dir - move target cursor, f/p - centaur
Aim: a centaur, wielding a shortbow of flaming (moderately wounded)
Okay, then.
It was a potion of might.
You feel very mighty all of a sudden.
The centaur shoots an arrow.
The arrow hits you.
You die...

∩...... #..........#
#......$...#
#..........#
#..........#
#..........#
#........####
##<........)(#######
#..@.......#.......#
###..........#######.#
..............# #..
.......c.......# ###
...............#
.....#........##
.....##.......# #
....(#....###..# ####
.. #.#### .... ....


You could see a centaur.

Vanquished Creatures
  An ogre (D:6)
  A centaur (D:5)
  A bullfrog (D:3)
  A howler monkey (D:6)
  2 crimson imps
  A hound (D:6)
  5 orc wizards
  3 worker ants
  9 adders
  An adder zombie (D:6)
  2 worms (D:2)
  3 dart slugs
  5 leopard geckos
  13 orcs
  4 bats (D:1)
  8 giant cockroaches
  5 goblins
  6 hobgoblins
  7 jackals (D:2)
  5 kobolds
  3 quokkas
  A ball python (D:1)
  4 frilled lizards
  A jackal skeleton (D:4)
  A quokka skeleton (D:3)
  4 rats
97 creatures vanquished.

Notes
Turn   | Place    | Note
-------+----------+-------------------------------------------
     0 | D:1      | namelastname112 the Tengu Air Elementalist began the quest for the Orb.
     0 | D:1      | Reached XP level 1. HP: 10/10 MP: 4/4
   115 | D:1      | Reached XP level 2. HP: 3/15 MP: 0/6
  1070 | D:2      | Reached XP level 3. HP: 19/19 MP: 0/7
  1481 | D:2      | Learned a level 3 spell: Static Discharge
  1558 | D:2      | Reached XP level 4. HP: 17/24 MP: 4/9
  1746 | D:2      | Found a burning altar of Makhleb.
  1747 | D:2      | Reached skill level 5 in Air Magic
  1748 | D:2      | Found a shimmering altar of Xom.
  2109 | D:3      | Found a blossoming altar of Fedhas.
  2171 | D:3      | Found an opulent altar of Gozag.
  2196 | D:3      | Noticed a bullfrog
  2205 | D:3      | Killed a bullfrog
  2205 | D:3      | Gained mutation: You can fly. [Tengu growth]
  2205 | D:3      | Reached XP level 5. HP: 19/28 MP: 0/10
  2594 | D:3      | Found a basalt altar of Yredelemnul.
  2717 | D:3      | Reached XP level 6. HP: 28/32 MP: 1/12
  2848 | D:4      | Reached skill level 6 in Air Magic
  3343 | D:5      | Entered Level 5 of the Dungeon
  3521 | D:5      | Reached skill level 5 in Conjurations
  3795 | D:5      | Found a staircase to the Ecumenical Temple.
  3841 | Temple   | Entered the Ecumenical Temple
  3872 | Temple   | Became a worshipper of Dithmenos the Shadowed
  4024 | D:5      | Reached XP level 7. HP: 35/36 MP: 5/14
  4271 | D:4      | Learned a level 4 spell: Airstrike
  4277 | D:4      | Learned a level 5 spell: Lightning Bolt
  4714 | D:6      | Reached skill level 7 in Air Magic
  4722 | D:6      | Found Zin's Purification Station.
  5238 | D:6      | Found Zufyif's General Store.
  5248 | D:6      | Shot with an arrow by a centaur

Vault maps used:
D:1:      kennysheep_arrival_seaside
D:2:      gammafunk_temple_overflow_pools, serial_curves, eino_curves_01,
          eino_curves_03, eino_curves_01, eino_curves_03
D:3:      lemuel_round_altar, lemuel_crystal_altar, grunt_gozag_breadcrumbs
D:4:      first_bread
D:5:      minmay_temple_entry_statues
D:6:      zin_purify, serial_shops, shop, basic_altar
Temple:   minmay_crystal_spiral_temple

Skill      XL: |  1  2  3  4  5  6  7 |
---------------+----------------------+-----
Conjurations   | 2 3 4 5 6 |  6.4
Air Magic      | 5 6 7 |  7.4
Spellcasting   | 3 4 |  4.7
Dodging        | |  2.1
Stealth        | |  2.0

Action                   |  1- 3 |  4- 6 |  7- 9 || total
-------------------------+-------+-------+-------++-------
Melee: Unarmed           |     4 |       |       ||     4
       Peck              |     3 |       |       ||     3
       Kick              |     2 |     3 |       ||     5
       Spear             |    11 |    13 |       ||    24
       Dagger            |       |     6 |       ||     6
 Cast: Shock             |    53 |   122 |    51 ||   226
       Static Discharge  |       |     2 |     2 ||     4
       Airstrike         |       |       |     1 ||     1
  Use: Scroll            |       |    12 |     1 ||    13
       Potion            |       |     1 |     1 ||     2
  Eat: Chunk             |     3 |    14 |     4 ||    21
Armor: Robe              |     4 |       |     1 ||     5
       Skin              |       |     6 |       ||     6
Dodge: Dodged            |    25 |    31 |     8 ||    64

Table legend:
 A = Spawn XP
 B = Non-spawn XP
 C = Spawn XP percentage of total XP
 D = Spawn monster count
 E = Non-spawn monster count
 F = Spawn count percentage of total count
 G = Total turns spent on level
                    A         B        C        D         E        F      G
               +---------+---------+-------+---------+---------+-------+---------
         Total |       0 |    1085 |   0.0 |       0 |      97 |   0.0 |  5248
               +---------+---------+-------+---------+---------+-------+---------
           D:1 |       0 |      27 |   0.0 |       0 |      15 |   0.0 |  1046
           D:2 |       0 |      89 |   0.0 |       0 |      26 |   0.0 |  1063
           D:3 |       0 |     223 |   0.0 |       0 |      19 |   0.0 |   736
           D:4 |       0 |     119 |   0.0 |       0 |      15 |   0.0 |   562
           D:5 |       0 |     295 |   0.0 |       0 |      14 |   0.0 |  1658
           D:6 |       0 |     332 |   0.0 |       0 |       8 |   0.0 |   132
               +---------+---------+-------+---------+---------+-------+---------
